 Dungeon Crawl Stone Soup version 0.30-a0-219-gf2db51d15e (webtiles) character file.

Game seed: 9590402092498652305

451 sanka the Ruffian (level 7, -7/37 (56) HPs)
             Began as a Gnoll Reaver on Oct 7, 2022.
             Mangled by an ice beast (11 damage)
             ... on level 5 of the Dungeon.
             The game lasted 00:07:16 (3860 turns).

sanka the Ruffian (Gnoll Reaver)                    Turns: 3860, Time: 00:07:16

HP:   -7/37 (56)    AC:  4    Str: 11    XL:     7   Next: 4%
MP:   13/15         EV: 12    Int: 15    God:
Gold: 183           SH:  0    Dex: 10    Spells: 9/17 levels left

rFire   . . .      SeeInvis .      - Unarmed
rCold   . . .      Faith    .    (no shield)
rNeg    . . .      Spirit   .    a - +0 leather armour
rPois   .          Reflect  .    (no helmet)
rElec   .          Harm     .    l - +0 cloak
rCorr   .          Rampage  .    (no gloves)
Will    .....                    (no boots)
Stlth   ++........               (no amulet)
HPRegen 0.26/turn                (no ring)
MPRegen 0.14/turn                p - ring of flight

@: flying, very heavily drained
A: fangs 1, strong nose, distributed training
a: no special abilities


You were on level 5 of the Dungeon.
You visited 1 branch of the dungeon, and saw 5 of its levels.

You collected 183 gold pieces.


Innate Abilities, Weirdness & Mutations

You have very sharp teeth.
Your uncanny sense of smell can sniff out nearby items.
Your experience applies equally to all skills.


   Skills:
 + Level 5.1 Fighting
 + Level 2.3 Short Blades
 + Level 2.3 Long Blades
 + Level 2.3 Axes
 + Level 2.3 Maces & Flails
 + Level 2.3 Polearms
 + Level 2.3 Staves
 + Level 2.3 Ranged Weapons
 + Level 2.3 Throwing
 + Level 2.3 Armour
 + Level 5.1 Dodging
 + Level 2.3 Stealth
 + Level 2.3 Shields
 + Level 7.0 Unarmed Combat
 + Level 5.5 Spellcasting
 + Level 5.8 Conjurations
 + Level 1.9 Hexes
 + Level 1.9 Summonings
 + Level 1.9 Necromancy
 + Level 1.9 Translocations
 + Level 1.9 Transmutations
 + Level 1.9 Fire Magic
 + Level 1.9 Ice Magic
 + Level 1.9 Air Magic
 + Level 1.9 Earth Magic
 + Level 1.9 Poison Magic
 + Level 2.5 Invocations
 + Level 2.3 Evocations


You had 9 spell levels left.
You knew the following spells:

 Your Spells              Type           Power      Damage    Failure   Level
s - Swiftness             Air            9%         N/A       28%         3
u - Momentum Strike       Conj/Tloc      30%        3d8       6%          2
y - Kiss of Death         Conj/Necr      60%        2d10      4%          1
N - Passwall              Tmut/Erth      7%         N/A       14%         2

Your spell library contained the following spells:

 Spells                   Type           Power      Damage    Failure   Level
 Magic Dart               Conj           84%        1d7       1%          1
 Hailstorm                Conj/Ice       15%        3d5       12%         3
 Call Imp                 Summ           9%         N/A       14%         2
 Ensorcelled Hibernation  Hex/Ice        18%        N/A       14%         2
 Mephitic Cloud           Conj/Pois/Air  13%        N/A       16%         3
 Kindle Blastsparks       Fire/Tloc/Air  18%        2d11      28%         3
 Tukima's Dance           Hex            9%         N/A       28%         3
 Fulminant Prism          Conj/Hex       7%         3d7       38%         4
 Iskenderun's Mystic Bla  Conj/Tloc      15%        2d5       38%         4
 Passage of Golubria      Tloc           9%         N/A       67%         4
 Lee's Rapid Deconstruct  Erth           4%         3d6*      95%         5
 Yara's Violent Unravell  Hex/Tmut       4%         3d4       95%         5
 Chain Lightning          Conj/Air       7%         3d10      100%        9
 Fire Storm               Conj/Fire      7%         8d2       100%        9
 Shatter                  Erth           4%         3d8*      100%        9

Inventory:

Hand Weapons
 m - a +3 quarterstaff of chaos
Missiles
 q - a throwing net {=f}
Armour
 a - a +0 leather armour (worn)
 l - a +0 cloak (worn)
Jewellery
 p - a ring of flight (right hand)
Wands
 j - a wand of iceblast (3)
Scrolls
 b - 3 scrolls of identify {unknown}
 c - a scroll of silence {unknown}
 i - a scroll of brand weapon {unknown}
 k - 3 scrolls of teleportation {unknown}
 n - 2 scrolls of vulnerability {unknown}
 r - 3 scrolls of enchant armour {unknown}
 s - a scroll of poison {unknown}
 u - a scroll of fear {unknown}
 x - a scroll of immolation {unknown}
Potions
 d - 2 potions of heal wounds {unknown}
 e - 2 potions of brilliance {unknown}
 f - a potion of invisibility {unknown}
 g - a potion of berserk rage {unknown}
 h - 3 potions of lignification {unknown}
 o - a potion of magic {unknown}
 t - 2 potions of degeneration {unknown}
 v - a potion of mutation {unknown}
 w - a potion of attraction {unknown}
 z - 2 potions of curing {unknown}

Dungeon Overview and Level Annotations

Branches:
Dungeon (5/15)
 Temple: D:4-7

Altars:

Shops:
D:1 [   D:3 *(**= D:4

* ▒▒▒£. .▒▒▒▒...▒
........▒ ▒.▒ ▒.▒ ▒.▒
▒▒ ▒.▒ .▒ ▒Y▒ .▒ ▒g▒
)▒▒▒+▒▒ ▒▒▒▒.▒
)▒▒...▒▒▒▒▒▒▒.▒▒.▒▒
<▒.....▒▒....▒....▒
........▒.▒.▒▒▒...▒
..........▒▒.▒.......▒
..................▒▒.▒
..................▒ ▒
▒....<..▒▒▒▒▒▒.▒.▒▒


You could see an ice beast (drained).


Message History

You completely miss the ice beast. Your bite misses the ice beast.
The ice beast is heavily wounded.
The ice beast hits you. The ice beast freezes you.
You hit the ice beast but do no damage.
The ice beast is heavily wounded.
You are no longer robbed of momentum.
The ice beast hits you.
* * * LOW HITPOINT WARNING * * *
The ice beast freezes you!
* * * LOW HITPOINT WARNING * * *
You barely miss the ice beast.
The ice beast is heavily wounded.
The ice beast closely misses you.
You closely miss the ice beast.
The ice beast is heavily wounded.
The ice beast hits you but does no damage.
You hit the ice beast.
The ice beast is heavily wounded.
The ice beast closely misses you.
You hit the ice beast.
The ice beast is severely wounded.
The ice beast hits you but does no damage.
You hit the ice beast.
The ice beast is severely wounded.
The ice beast hits you.
* * * LOW HITPOINT WARNING * * *
The ice beast freezes you!
You die...

Action                   |  1- 3 |  4- 6 |  7- 9 || total
-------------------------+-------+-------+-------++-------
Melee: Unarmed           |   134 |   113 |     8 ||   255
       Bite              |     9 |     9 |       ||    18
       Punch             |     5 |     3 |     1 ||     9
Throw: Throwing net      |     1 |       |       ||     1
 Cast: Momentum Strike   |     5 |     8 |     1 ||    14
       Kiss of Death     |     1 |     5 |     1 ||     7
 Stab: Sleeping          |     2 |     1 |       ||     3
Armor: Leather armour    |    21 |    19 |     2 ||    42
Dodge: Dodged            |    67 |    47 |     3 ||   117

Levels and vault maps discovered:
D:1:      kennysheep_arrival_forest, layout_basic, serial_shops, shop
D:2:      kennysheep_big_flooded_room, layout_basic, uniq_crazy_yiuf_cottage
D:3:      layout_rooms, serial_shops, shop, shop_statue,
          nicolae_shop_competitors_out_of_business, nicolae_shop_hallway_stairs,
          nicolae_shop_hallway_stairs, uniq_jessica, uniq_ijyb
D:4:      layout_layer_cave, nicolae_shop_gadgets
D:5:      layout_loops_corners, serial_shops, shop, nicolae_shop_trees,
          nicolae_ossuary_entry_giza, minmay_misc_feat_iff,
          nicolae_shop_unique_rings

Notes
Turn   | Place    | Note
-------+----------+-------------------------------------------
     0 | D:1      | sanka the Gnoll Reaver began the quest for the Orb.
     0 | D:1      | Reached XP level 1. HP: 20/20 MP: 6/6
    77 | D:1      | Reached XP level 2. HP: 22/26 MP: 7/7
    82 | D:1      | Learned a level 2 spell: Momentum Strike
   448 | D:1      | Found Qyam's Armour Shoppe.
   815 | D:2      | Reached skill level 5 in Spellcasting
   815 | D:2      | Reached XP level 3. HP: 31/31 MP: 7/9
  1008 | D:2      | Reached skill level 1 in Invocations
  1451 | D:2      | Found a runed translucent door.
  1452 | D:2      | Noticed Crazy Yiuf
  1744 | D:2      | Killed Crazy Yiuf
  1807 | D:3      | Reached skill level 1 in Short Blades
  1807 | D:3      | Reached skill level 1 in Long Blades
  1807 | D:3      | Reached skill level 1 in Axes
  1807 | D:3      | Reached skill level 1 in Maces & Flails
  1807 | D:3      | Reached skill level 1 in Polearms
  1807 | D:3      | Reached skill level 1 in Staves
  1807 | D:3      | Reached skill level 1 in Ranged Weapons
  1807 | D:3      | Reached skill level 1 in Throwing
  1807 | D:3      | Reached skill level 1 in Armour
  1807 | D:3      | Reached skill level 1 in Stealth
  1807 | D:3      | Reached skill level 1 in Shields
  1807 | D:3      | Reached skill level 1 in Evocations
  1898 | D:3      | Noticed Ijyb
  1899 | D:3      | Found Vyanoem's Assorted Antiques.
  1911 | D:3      | Killed Ijyb
  1912 | D:3      | Reached XP level 4. HP: 9/33 MP: 4/11
  2047 | D:3      | Found Kaol's Assorted Antiques.
  2056 | D:3      | Noticed an ogre
  2061 | D:3      | Killed an ogre
  2062 | D:3      | Reached skill level 1 in Hexes
  2062 | D:3      | Reached skill level 1 in Summonings
  2062 | D:3      | Reached skill level 1 in Necromancy
  2062 | D:3      | Reached skill level 1 in Translocations
  2062 | D:3      | Reached skill level 1 in Transmutations
  2062 | D:3      | Reached skill level 1 in Fire Magic
  2062 | D:3      | Reached skill level 1 in Ice Magic
  2062 | D:3      | Reached skill level 1 in Air Magic
  2062 | D:3      | Reached skill level 1 in Earth Magic
  2062 | D:3      | Reached skill level 1 in Poison Magic
  2107 | D:3      | Reached XP level 5. HP: 36/39 MP: 10/12
  2189 | D:3      | Found Qocw's Assorted Antiques.
  2271 | D:3      | Found Gejooxto's Antique Weapon Shoppe.
  2298 | D:3      | Noticed Jessica
  2307 | D:3      | Killed Jessica
  2424 | D:3      | Found Zeriul's Jewellery Boutique.
  2742 | D:4      | Noticed an ogre
  2749 | D:4      | Killed an ogre
  2750 | D:4      | Reached skill level 2 in Invocations
  2750 | D:4      | Reached XP level 6. HP: 40/47 MP: 10/14
  2856 | D:4      | Learned a level 2 spell: Passwall
  2860 | D:4      | Learned a level 3 spell: Swiftness
  2933 | D:4      | Reached skill level 5 in Fighting
  2933 | D:4      | Reached skill level 2 in Short Blades
  2933 | D:4      | Reached skill level 2 in Long Blades
  2933 | D:4      | Reached skill level 2 in Axes
  2933 | D:4      | Reached skill level 2 in Maces & Flails
  2933 | D:4      | Reached skill level 2 in Polearms
  2933 | D:4      | Reached skill level 2 in Staves
  2933 | D:4      | Reached skill level 2 in Ranged Weapons
  2933 | D:4      | Reached skill level 2 in Throwing
  2933 | D:4      | Reached skill level 2 in Armour
  2933 | D:4      | Reached skill level 5 in Dodging
  2933 | D:4      | Reached skill level 2 in Stealth
  2933 | D:4      | Reached skill level 2 in Shields
  2933 | D:4      | Reached skill level 2 in Evocations
  3024 | D:4      | Found Beis Goe's Gadget Gallery.
  3787 | D:5      | Entered Level 5 of the Dungeon
  3840 | D:5      | Noticed an ice beast
  3847 | D:5      | Reached skill level 7 in Unarmed Combat
  3847 | D:5      | Reached XP level 7. HP: 24/45 MP: 15/15
  3860 | D:5      | Mangled by an ice beast

Vanquished Creatures
  3 ogres
  A scorpion (D:4)
  2 hounds
  An orc priest (D:3)
  Jessica (D:3)
  Ijyb (D:3)
  2 orc wizards
  2 adders (D:4)
  2 dart slugs
  A worm (D:3)
  10 orcs
  6 ball pythons
  8 endoplasms
  2 giant cockroaches
  6 goblins
  5 hobgoblins
  8 kobolds
  5 quokkas
  3 bats
  7 frilled lizards
  3 rats
79 creatures vanquished.

Vanquished Creatures (others)
  Crazy Yiuf (D:2)
  An orc priest (D:4)
  2 adders
4 creatures vanquished.

Grand Total: 83 creatures vanquished
